[ AOE2 MATCH · #507830143 ]
UnrankedCumans vs Malians
Player's team · WIN
Rival team · LOSS
[ REPLAY ANALYSIS · EXTRACTED FROM THE RECORDED GAME ]
Feudal
8:25
Castle
21:11
Imperial
33:53
| APM avg | 103.1 |
| APM peak | 141 |
| eAPM avg | 44.7 |
| Villagers / military | 200 / 196 |
Focus
⚔️ 55.7% · 🌾 44.3%
Knight ×80 · Skirmisher ×47 · Archer ×43 · Kipchak ×11 · Trebuchet (Packed) ×6 · Scout Cavalry ×5
Feudal
9:17
Castle
24:00
Imperial
38:16
| APM avg | 68.6 |
| APM peak | 135 |
| eAPM avg | 23.7 |
| Villagers / military | 126 / 131 |
Focus
⚔️ 35.3% · 🌾 64.7%
Archer ×73 · Skirmisher ×24 · Scout Cavalry ×11 · Camel Scout ×8 · Militia ×5 · Mangonel ×5
Match map
Initial resources + every placement click. Lines = walls · curves = elevation contours. ◆ gold · ⬟ stone · ● berries · ✦ relic · ◌ wall gap
Your base· Open — unwalled flank
OS+ | TeoX's base· Open — unwalled flank
Smoothed initial terrain · ◌ = detected wall gap · hover for details
Inputs per minute
— nunu - - OS+ | TeoX
Build order — nunu
First 150 of 602 actions detected
| 0:00 | Queue | Villager (Male) |
| 0:00 | Queue | Villager (Male) |
| 0:00 | Queue | Villager (Male) |
| 0:01 | Build | House |
| 0:02 | Build | House |
| 0:11 | Queue | Villager (Male) |
| 1:14 | Queue | Villager (Male) |
| 1:17 | Build | Lumber Camp |
| 1:41 | Queue | Villager (Male) |
| 2:18 | Queue | Villager (Male) |
| 2:42 | Queue | Villager (Male) |
| 2:57 | Queue | Villager (Male) |
| 3:19 | Queue | Villager (Male) |
| 3:45 | Queue | Villager (Male) |
| 3:48 | Queue | Villager (Male) |
| 3:58 | Build | House |
| 4:34 | Queue | Villager (Male) |
| 5:09 | Queue | Villager (Male) |
| 5:13 | Queue | Villager (Male) |
| 5:19 | Build | Mill |
| 5:30 | Queue | Villager (Male) |
| 5:31 | Queue | Villager (Male) |
| 5:36 | Research | Loom |
| 6:08 | Research | Feudal Age |
| 6:41 | Queue | Villager (Male) |
| 6:46 | Queue | Villager (Male) |
| 7:35 | Build | Barracks |
| 7:43 | Queue | Villager (Male) |
| 7:59 | Queue | Villager (Male) |
| 8:10 | Queue | Villager (Male) |
| 8:20 | Build | House |
| 8:25 | Age | Feudal Age |
| 8:28 | Build | Archery Range |
| 8:36 | Research | Double-Bit Axe |
| 8:46 | Queue | Villager (Male) |
| 9:04 | Queue | Villager (Male) |
| 9:08 | Queue | Archer |
| 9:12 | Queue | Villager (Male) |
| 9:14 | Build | Mining Camp |
| 9:20 | Queue | Spearman |
| 9:27 | Build | House |
| 9:29 | Build | Palisade Wall |
| 9:30 | Build | Palisade Wall |
| 9:30 | Build | Palisade Wall |
| 9:33 | Queue | Villager (Male) |
| 9:36 | Build | Palisade Wall |
| 9:38 | Build | Palisade Wall |
| 9:39 | Build | Palisade Wall |
| 9:46 | Build | Palisade Wall |
| 9:47 | Build | Palisade Wall |
| 9:49 | Build | Palisade Wall |
| 9:49 | Queue | Villager (Male) |
| 10:28 | Queue | Archer |
| 10:37 | Build | Farm |
| 10:38 | Build | Farm |
| 10:41 | Queue | Villager (Male) |
| 10:47 | Queue | Villager (Male) |
| 10:55 | Build | House |
| 10:57 | Queue | Archer |
| 11:11 | Build | House |
| 11:15 | Queue | Villager (Male) |
| 11:19 | Build | Farm |
| 11:28 | Build | House |
| 11:29 | Build | Palisade Wall |
| 11:30 | Queue | Archer |
| 11:30 | Queue | Archer |
| 11:32 | Queue | Villager (Male) |
| 11:51 | Build | Stable |
| 11:57 | Build | Farm |
| 11:59 | Queue | Archer |
| 12:14 | Queue | Villager (Male) |
| 12:16 | Build | Farm |
| 12:23 | Queue | Archer |
| 12:26 | Build | House |
| 12:36 | Queue | Villager (Male) |
| 12:37 | Queue | Villager (Male) |
| 12:50 | Queue | Scout Cavalry |
| 12:57 | Build | Farm |
| 12:58 | Build | Farm |
| 13:07 | Queue | Scout Cavalry |
| 13:09 | Queue | Archer |
| 13:11 | Queue | Villager (Male) |
| 13:21 | Queue | Archer |
| 14:00 | Queue | Archer |
| 14:05 | Queue | Scout Cavalry |
| 14:06 | Queue | Villager (Male) |
| 14:27 | Queue | Scout Cavalry |
| 14:28 | Queue | Archer |
| 14:46 | Queue | Villager (Male) |
| 14:48 | Build | Farm |
| 14:48 | Build | Farm |
| 14:48 | Build | Farm |
| 14:49 | Build | Farm |
| 14:49 | Build | Farm |
| 14:49 | Build | Farm |
| 14:51 | Queue | Archer |
| 15:10 | Queue | Villager (Male) |
| 15:17 | Research | Horse Collar |
| 15:19 | Build | House |
| 15:25 | Build | Farm |
| 15:39 | Queue | Villager (Male) |
| 15:59 | Queue | Villager (Male) |
| 16:07 | Build | Farm |
| 16:07 | Build | Farm |
| 16:08 | Queue | Villager (Male) |
| 16:16 | Queue | Villager (Male) |
| 16:17 | Build | Farm |
| 16:17 | Build | Farm |
| 16:25 | Queue | Villager (Male) |
| 16:33 | Queue | Villager (Male) |
| 16:35 | Build | Farm |
| 16:38 | Build | House |
| 16:54 | Queue | Villager (Male) |
| 17:02 | Queue | Villager (Male) |
| 17:07 | Queue | Villager (Male) |
| 17:13 | Queue | Villager (Male) |
| 17:14 | Build | Farm |
| 17:14 | Build | Farm |
| 17:19 | Build | House |
| 17:35 | Queue | Villager (Male) |
| 17:41 | Queue | Archer |
| 17:41 | Queue | Archer |
| 17:50 | Queue | Villager (Male) |
| 18:08 | Build | Lumber Camp |
| 18:31 | Research | Castle Age |
| 18:31 | Research | Castle Age |
| 18:35 | Build | House |
| 18:36 | Build | House |
| 18:36 | Build | Palisade Wall |
| 18:37 | Build | Palisade Wall |
| 18:42 | Build | Palisade Wall |
| 18:45 | Build | Palisade Wall |
| 19:00 | Queue | Archer |
| 19:19 | Build | Blacksmith |
| 19:21 | Queue | Archer |
| 19:43 | Queue | Archer |
| 19:49 | Build | Palisade Wall |
| 19:58 | Build | House |
| 20:02 | Research | Fletching |
| 20:02 | Research | Fletching |
| 20:09 | Queue | Scout Cavalry |
| 20:24 | Queue | Villager (Male) |
| 20:26 | Queue | Archer |
| 21:04 | Queue | Villager (Male) |
| 21:04 | Build | Farm |
| 21:07 | Queue | Archer |
| 21:11 | Age | Castle Age |
| 21:13 | Build | Palisade Wall |
| 21:17 | Research | Crossbowman (upgrade) |
| 21:25 | Research | Gold Mining |
Build order — OS+ | TeoX
First 150 of 473 actions detected
| 0:00 | Queue | Villager (Male) |
| 0:01 | Queue | Villager (Male) |
| 0:02 | Build | House |
| 0:03 | Build | House |
| 0:19 | Queue | Villager (Male) |
| 0:19 | Queue | Villager (Male) |
| 1:34 | Queue | Villager (Male) |
| 1:51 | Build | Lumber Camp |
| 2:07 | Queue | Villager (Male) |
| 2:16 | Queue | Villager (Male) |
| 2:51 | Queue | Villager (Male) |
| 3:09 | Queue | Villager (Male) |
| 3:09 | Queue | Villager (Male) |
| 3:43 | Queue | Villager (Male) |
| 3:51 | Build | House |
| 4:06 | Queue | Villager (Male) |
| 4:27 | Queue | Villager (Male) |
| 4:41 | Build | Barracks |
| 5:00 | Queue | Villager (Male) |
| 5:16 | Build | House |
| 5:20 | Queue | Villager (Male) |
| 5:20 | Queue | Villager (Male) |
| 6:12 | Queue | Villager (Male) |
| 6:41 | Research | Loom |
| 6:44 | Build | Mining Camp |
| 7:04 | Research | Feudal Age |
| 7:10 | Queue | Militia |
| 7:10 | Queue | Militia |
| 7:28 | Queue | Militia |
| 7:28 | Queue | Militia |
| 7:56 | Queue | Militia |
| 8:12 | Build | Mill |
| 9:12 | Build | House |
| 9:16 | Queue | Villager (Male) |
| 9:17 | Age | Feudal Age |
| 9:20 | Research | Man-at-Arms (upgrade) |
| 9:27 | Queue | Villager (Male) |
| 9:52 | Queue | Villager (Male) |
| 9:55 | Build | Archery Range |
| 10:05 | Queue | Villager (Male) |
| 10:11 | Research | Double-Bit Axe |
| 10:21 | Build | Farm |
| 10:22 | Build | Farm |
| 10:26 | Build | Farm |
| 10:33 | Queue | Villager (Male) |
| 10:35 | Build | Farm |
| 10:45 | Build | Farm |
| 10:56 | Queue | Archer |
| 11:04 | Queue | Villager (Male) |
| 11:07 | Build | House |
| 11:24 | Build | Farm |
| 11:28 | Queue | Archer |
| 11:29 | Queue | Villager (Male) |
| 11:37 | Build | House |
| 11:47 | Queue | Villager (Male) |
| 11:51 | Build | Palisade Wall |
| 11:55 | Build | Palisade Wall |
| 12:03 | Queue | Villager (Male) |
| 12:13 | Queue | Archer |
| 12:27 | Queue | Villager (Male) |
| 12:29 | Build | Blacksmith |
| 12:36 | Queue | Archer |
| 12:37 | Queue | Villager (Male) |
| 12:51 | Build | Palisade Wall |
| 12:55 | Build | Palisade Wall |
| 13:02 | Research | Fletching |
| 13:02 | Research | Fletching |
| 13:11 | Queue | Archer |
| 13:12 | Queue | Villager (Male) |
| 13:14 | Build | Farm |
| 13:16 | Build | Farm |
| 13:19 | Build | Farm |
| 13:20 | Queue | Villager (Male) |
| 13:59 | Queue | Archer |
| 14:03 | Queue | Villager (Male) |
| 14:04 | Queue | Archer |
| 14:06 | Build | Archery Range |
| 14:31 | Queue | Archer |
| 14:37 | Queue | Villager (Male) |
| 14:38 | Queue | Villager (Male) |
| 14:41 | Queue | Villager (Male) |
| 14:41 | Queue | Villager (Male) |
| 14:49 | Build | House |
| 14:50 | Queue | Skirmisher |
| 14:50 | Queue | Skirmisher |
| 15:00 | Build | House |
| 15:03 | Build | House |
| 15:05 | Build | House |
| 15:17 | Queue | Archer |
| 15:23 | Queue | Villager (Male) |
| 15:30 | Build | House |
| 15:31 | Build | Palisade Wall |
| 15:36 | Build | Farm |
| 15:36 | Queue | Villager (Male) |
| 15:36 | Queue | Villager (Male) |
| 15:51 | Build | Palisade Wall |
| 15:59 | Queue | Villager (Male) |
| 16:05 | Build | Farm |
| 16:06 | Build | Farm |
| 16:07 | Queue | Archer |
| 16:07 | Queue | Archer |
| 16:19 | Build | Palisade Wall |
| 16:27 | Queue | Spearman |
| 16:35 | Build | Palisade Wall |
| 17:04 | Queue | Villager (Male) |
| 17:05 | Queue | Spearman |
| 17:06 | Queue | Archer |
| 17:06 | Queue | Archer |
| 17:06 | Queue | Archer |
| 17:15 | Queue | Villager (Male) |
| 17:24 | Build | Palisade Gate |
| 17:30 | Queue | Villager (Male) |
| 17:35 | Queue | Archer |
| 17:36 | Queue | Archer |
| 17:41 | Research | Padded Archer Armor |
| 17:41 | Research | Padded Archer Armor |
| 17:46 | Build | Lumber Camp |
| 18:04 | Queue | Archer |
| 18:05 | Queue | Archer |
| 18:09 | Build | Farm |
| 18:29 | Queue | Villager (Male) |
| 18:30 | Queue | Villager (Male) |
| 18:35 | Build | Farm |
| 18:40 | Build | Farm |
| 19:01 | Queue | Villager (Male) |
| 19:08 | Queue | Archer |
| 19:08 | Queue | Archer |
| 19:08 | Queue | Archer |
| 19:18 | Build | Farm |
| 19:27 | Build | Market |
| 19:31 | Queue | Archer |
| 19:31 | Queue | Archer |
| 19:43 | Queue | Villager (Male) |
| 20:24 | Queue | Archer |
| 20:30 | Queue | Villager (Male) |
| 21:00 | Queue | Villager (Male) |
| 21:20 | Research | Castle Age |
| 21:20 | Research | Castle Age |
| 21:33 | Build | Archery Range |
| 21:39 | Research | Gold Mining |
| 21:50 | Queue | Archer |
| 21:50 | Queue | Archer |
| 22:12 | Queue | Archer |
| 22:13 | Queue | Archer |
| 22:25 | Queue | Archer |
| 22:48 | Queue | Archer |
| 22:58 | Queue | Archer |
| 22:58 | Queue | Archer |
| 23:12 | Queue | Villager (Male) |
| 23:13 | Queue | Archer |
Match timeline
| 4:41 | OS+ | TeoX · first_building Barracks |
| 7:35 | nunu · first_building Barracks |
| 8:25 | nunu · age_up feudal |
| 8:28 | nunu · first_building Archery Range |
| 9:17 | OS+ | TeoX · age_up feudal |
| 9:29 | nunu · wall_segment Palisade Wall x1 |
| 9:30 | nunu · wall_segment Palisade Wall x1 |
| 9:30 | nunu · wall_segment Palisade Wall x1 |
| 9:36 | nunu · wall_segment Palisade Wall x1 |
| 9:38 | nunu · wall_segment Palisade Wall x1 |
| 9:39 | nunu · wall_segment Palisade Wall x1 |
| 9:46 | nunu · wall_segment Palisade Wall x1 |
| 9:47 | nunu · wall_segment Palisade Wall x1 |
| 9:49 | nunu · wall_segment Palisade Wall x1 |
| 9:55 | OS+ | TeoX · first_building Archery Range |
| 11:29 | nunu · wall_segment Palisade Wall x4 |
| 11:51 | OS+ | TeoX · wall_segment Palisade Wall x1 |
| 11:51 | nunu · first_building Stable |
| 11:55 | OS+ | TeoX · wall_segment Palisade Wall x6 |
| 12:51 | OS+ | TeoX · wall_segment Palisade Wall x6 |
| 12:55 | OS+ | TeoX · wall_segment Palisade Wall x4 |
| 15:31 | OS+ | TeoX · wall_segment Palisade Wall x1 |
| 15:51 | OS+ | TeoX · wall_segment Palisade Wall x1 |
| 16:19 | OS+ | TeoX · wall_segment Palisade Wall x1 |
| 16:35 | OS+ | TeoX · wall_segment Palisade Wall x8 |
| 18:36 | nunu · wall_segment Palisade Wall x1 |
| 18:37 | nunu · wall_segment Palisade Wall x1 |
| 18:42 | nunu · wall_segment Palisade Wall x7 |
| 18:45 | nunu · wall_segment Palisade Wall x10 |
| 19:49 | nunu · wall_segment Palisade Wall x1 |
| 21:11 | nunu · age_up castle |
| 21:13 | nunu · wall_segment Palisade Wall x1 |
| 21:17 | OS+ | TeoX · first_market_sell 100 wood |
| 21:19 | OS+ | TeoX · first_market_buy 100 food |
| 24:00 | OS+ | TeoX · age_up castle |
| 25:23 | nunu · first_building Siege Workshop |
| 28:04 | OS+ | TeoX · first_building Siege Workshop |
| 28:34 | nunu · first_building Castle |
| 31:28 | nunu · first_market_buy 100 wood |
| 33:37 | OS+ | TeoX · first_building Castle |
| 33:53 | nunu · age_up imperial |
| 35:26 | nunu · first_market_sell 100 wood |
| 38:16 | OS+ | TeoX · age_up imperial |
| 40:51 | OS+ | TeoX · first_building Stable |
| 47:30 | OS+ | TeoX · resign |
[ AI ANALYSIS · 1 CREDIT ]
What really happened in this match?
Wolo.gg analyzes every decision: build order, eco, micro, common mistakes by bracket. Personalized analysis on WhatsApp or Discord in 30 seconds.
Civ guide
Cumans
Perfil
Jugador #25341819